 Dungeon Crawl Stone Soup version 0.28.0-45-g0d030f2227 (webtiles) character file.

Game seed: 18197358976905515079

196 issech the Cudgeller (level 5, 0/53 HPs)
             Began as a Troll Monk on Apr 18, 2022.
             Slain by a scorpion (1 damage)
             ... on level 4 of the Dungeon.
             The game lasted 00:06:36 (2404 turns).

issech the Cudgeller (Troll Monk)                   Turns: 2404, Time: 00:06:37

Health: 0/53       AC:  4    Str: 19    XL:     5   Next: 45%
Magic:  4/4        EV: 11    Int:  6    God:
Gold:   87         SH:  0    Dex: 20    Spells: 4/4 levels left

rFire   . . .      SeeInvis .   r - +0 flail
rCold   . . .      Faith    .   (no shield)
rNeg    + . .      Spirit   .   b - +0 robe
rPois   .          Reflect  .   (helmet restricted)
rElec   .          Harm     .   (no cloak)
rCorr   .          Rampage  .   (gloves unavailable)
Will    .....                   (boots unavailable)
Stlth   ++........              (no amulet)
HPRegen 0.97/turn               h - ring of positive energy
MPRegen 0.09/turn               k - +6 ring of dexterity

@: lethally poisoned (0 -> -7)
A: large, unfitting armour, claws 3, regeneration 1, shaggy fur 1, tough skin 1
a: no special abilities


You were on level 4 of the Dungeon.
You visited 1 branch of the dungeon, and saw 4 of its levels.

You collected 87 gold pieces.

Inventory:

Hand Weapons
 a - a +0 mace
 r - a +0 flail (weapon)
Missiles
 c - 34 stones (quivered)
 f - 13 arrows
 q - 26 sling bullets
Armour
 b - a +0 robe (worn)
Magical Staves
 g - a staff of death
Jewellery
 h - a ring of positive energy (left claw)
 k - a +6 ring of dexterity (right claw)
 m - a ring of wizardry
 n - a ring of wizardry
Scrolls
 d - a scroll of amnesia {unknown}
 e - 2 scrolls of teleportation {unknown}
 l - 3 scrolls of identify {unknown}
 o - a scroll of vulnerability {unknown}
Potions
 i - a potion of ambrosia {unknown}
 j - a potion of berserk rage {unknown}
 p - a potion of mutation {unknown}


   Skills:
 + Level 3.0 Fighting
 + Level 4.3 Maces & Flails
 + Level 0.5 Throwing
 + Level 3.3 Dodging
 + Level 1.2 Stealth


You had 4 spell levels left.
You didn't know any spells.
Your spell library contained the following spells:

 Spells                   Type           Power      Damage    Failure   Level
 Ozocubu's Armour         Ice            0%         N/A       83%         3
 Metabolic Englaciation   Hex/Ice        0%         N/A       100%        5
 Simulacrum               Ice/Necr       0%         N/A       100%        6


Dungeon Overview and Level Annotations

Branches:
Dungeon (4/15)
 Temple: D:4-7

Altars:

Shops:
D:2 (


Innate Abilities, Weirdness & Mutations

You are too large for most types of armour.
You have claws for hands.
Your natural rate of healing is unusually fast.
You are covered in fur. (AC +1)
You have tough skin. (AC +1)


Message History

You feel very sick. The scorpion barely misses you.
You hit the scorpion.
The scorpion is moderately wounded.
You feel sick. The scorpion stings you.
You are more poisoned.
The scorpion poisons you!
You sock the scorpion!
The scorpion is severely wounded.
You feel very sick. The scorpion barely misses you. The scorpion stings you.
You barely miss the scorpion.
The scorpion is severely wounded.
You feel very sick.
The scorpion stings you but does no damage.
You hit the scorpion.
The scorpion is almost dead.
You feel sick. The scorpion stings you.
You are more poisoned.
The scorpion poisons you! The scorpion stings you.
You are more poisoned.
The scorpion poisons you!
You hit the scorpion but do no damage.
The scorpion is almost dead.
You feel extremely sick. The scorpion stings you.
You closely miss the scorpion.
The scorpion is almost dead.
* * * LOW HITPOINT WARNING * * *
You feel extremely sick.
The scorpion stings you but does no damage.
Unknown command.
You closely miss the scorpion.
The scorpion is almost dead.
* * * LOW HITPOINT WARNING * * *
You feel very sick. The scorpion stings you.
* * * LOW HITPOINT WARNING * * *
The scorpion stings you.
You die...

## #.
#.# #..
#.######
#s@..#<#
####.#.#
#...#
#####


You could see a scorpion.

Vanquished Creatures
  A water moccasin skeleton (D:3)
  An iguana (D:2)
  5 adders
  4 dart slugs
  6 orcs (D:3)
  3 endoplasms
  6 giant cockroaches
  4 hobgoblins
  2 quokkas (D:1)
  9 ball pythons
  5 bats
  3 frilled lizards
  4 goblins
  4 kobolds
  3 rats
60 creatures vanquished.

Notes
Turn   | Place    | Note
-------+----------+-------------------------------------------
     0 | D:1      | issech the Troll Monk began the quest for the Orb.
     0 | D:1      | Reached XP level 1. HP: 22/22 MP: 0/0
   109 | D:1      | Reached skill level 3 in Maces & Flails
   146 | D:1      | Reached XP level 2. HP: 29/29 MP: 1/1
   421 | D:1      | Reached XP level 3. HP: 36/36 MP: 2/2
  1003 | D:2      | Reached XP level 4. HP: 37/44 MP: 3/3
  1251 | D:2      | Found Rinwucvi's Weapon Shoppe.
  1587 | D:3      | Found a faded altar of an unknown god.
  1696 | D:3      | Reached skill level 4 in Maces & Flails
  1696 | D:3      | Reached XP level 5. HP: 41/53 MP: 4/4
  2404 | D:4      | HP: 1/53 [scorpion (6)]
  2404 | D:4      | Slain by a scorpion

Illustrated notes

Levels and vault maps discovered:
D:1:      wander_arrival_lonely_grave, layout_basic, amcnicky_mini_pool_small,
          chequers_serial_rivers_micro_e
D:2:      layout_basic, serial_shops, nicolae_shop_stone
D:3:      layout_basic, nicolae_ecumenical_snake_handling, chequers_avenue
D:4:      layout_basic, uniq_blork_the_orc

Skill      XL: |  1  2  3  4 |
---------------+-------------+-----
Maces & Flails | 3 4 |  4.3
Dodging        | 3 |  3.3
Fighting       | 3 |  3.0
Throwing       | |  0.5
Stealth        | |  1.2

Action                   |  1- 3 |  4- 6 || total
-------------------------+-------+-------++-------
Melee: Mace              |   111 |    95 ||   206
       Punch             |     1 |       ||     1
       Flail             |       |    21 ||    21
Throw: Stone             |    18 |    12 ||    30
 Stab: Sleeping          |       |     3 ||     3
Armor: Robe              |    65 |    35 ||   100
Dodge: Dodged            |    87 |    95 ||   182
